 Dungeon Crawl Stone Soup version 0.31.0-12-g77e489cdc1 (webtiles) character file.

Game seed: 6538035868652642941

265 Killerpretzel the Changeling (level 6, -11/41 HPs)
             Began as an Octopode Shapeshifter on Mar 2, 2024.
             Killed by divine providence
             ... invoked by an orc priest
              (14 damage)
             ... on level 3 of the Dungeon.
             The game lasted 00:02:11 (2258 turns).

Killerpretzel the Changeling (OpSh)                 Turns: 2258, Time: 00:02:11

Health: -11/41     AC:  1    Str: 14    XL:     6   Next: 20%
Magic:  6/6        EV: 14    Int: 12    God:
Gold:   80         SH:  5    Dex: 13    Spells: 5/5 levels left

rFire   . .          .
                       - Unarmed
rCold   . . .        (no shield)
rNeg    . . .        (helmet currently unavailable)
rPois   .            j - amulet of reflection
rElec   .            (no ring)
rCorr   .            (no ring)
SInv    .            (no ring)
Will    .....        (no ring)
Stlth   ++           (no ring)
HPRegen 0.26/turn    (no ring)
MPRegen 0.10/turn    (no ring)
                     (no ring)

%: reflection
@: beast-form
A: beast (slay +2), almost no armour, amphibious, 8 rings, camouflage 1,
gelatinous body 1, (nimble swimmer 1), tentacles
a: Begin Untransformation


You were on level 3 of the Dungeon.
You were a hulking beast.
You visited 1 branch of the dungeon, and saw 3 of its levels.

You collected 80 gold pieces.

Inventory:

Missiles
 f - a throwing net (quivered)
Jewellery
 j - an amulet of reflection (around mantle)
Talismans
 b - a beast talisman
 c - a flux talisman
Scrolls
 d - a scroll of revelation {unknown}
 g - a scroll of fear
 h - 3 scrolls of identify
 i - a scroll of teleportation
Potions
 a - a potion of lignification
 e - a potion of mutation
 k - a potion of attraction {unknown}
 l - a potion of haste {unknown}


   Skills:
 + Level 2.7 Fighting
 + Level 3.3 Dodging
 + Level 3.9 Unarmed Combat
 * Level 4.5 Shapeshifting


You had 5 spell levels left.
You didn't know any spells.
Your spell library contained the following spells:

 Spells                   Type           Power      Damage    Failure   Level
 Volatile Blastmotes      Fire/Tloc      0%         2d10      69%         3
 Fulminant Prism          Conj/Alch      0%         3d5       97%         4
 Iskenderun's Mystic Bla  Conj/Tloc      0%         2d3       97%         4


Dungeon Overview and Level Annotations

Branches:
Dungeon (3/15)

Altars:
Kikubaaqudgha
Qazlal

Shops:
D:3 =


Innate Abilities, Weirdness & Mutations

You are a hulking beast.
Your limbs bulge with bestial killing power. (Slay +2)
You cannot wear most types of armour.
You are amphibious.
You can wear up to eight rings at the same time.
Your skin changes colour to match your surroundings (Stealth+).
Your rubbery body absorbs attacks. (AC +1, EV +1)
((You are camouflaged when in or above water. (Stealth+)))
You have tentacles for arms and can constrict up to eight enemies at once.


Message History

You are too injured to fight recklessly!
You are too injured to fight recklessly!
There are monsters nearby!
You release your grip on the orc priest.
The orc priest begins to cast a cantrip, but forgets the words!
There is an open door here.
Okay, then.
You closely miss the orc. You grab the orc. You squeeze the orc!
You kill the orc!
You tentacle-slap the orc. You grab the orc. You squeeze the orc.
You kill the orc!
The orc priest calls upon Beogh to heal something.
Things that are here:
a +0 flail; a +0 short sword of flaming; an orc corpse The orc priest hits you with a +0 war axe!
The orc priest hits you with a +3 hand axe of draining!
You feel drained.
There is an open door here.
The orc priest attacks as it pursues you!
The orc priest hits you with a +0 war axe.
* * * LOW HITPOINT WARNING * * *
You block the orc priest's attack.
Things that are here:
a +0 flail; a +0 short sword of flaming; an orc corpse You tentacle-slap the orc priest.
You grab the orc priest.
Your tentacle-slap misses the orc priest.
The orc priest is moderately wounded.
You constrict the orc priest.
The orc priest hits you with a +3 hand axe of draining.
* * * LOW HITPOINT WARNING * * *
You feel drained.
* * * LOW HITPOINT WARNING * * *
You tentacle-slap the orc priest. You squeeze the orc priest.
You kill the orc priest!
Your life force feels restored.
You barely miss the orc priest. You grab the orc priest.
Your squeeze misses the orc priest. You constrict the orc priest.
The orc priest calls down the wrath of Beogh upon you.
Beogh smites you!
You die...

###### ########+## #####.
##+#....# #.......... #.....
#.......# #.......... #.....
#.......# #........[. #.....
#....<..# #.......... #.....
#.......###.......... #.....
....................... #.....
.....#.#...###'#####+##########..
..............ooh.............'..
.....#.#.#.###.#####.##########..
... .#. .#.# #.# #.. #### #.
.#..##'### ########.. #......#
.......'..
##.....##############..
#.....'...............
........#...############
....#....#.#.##


You could see 2 orc priests.

Vanquished Creatures
  An orc priest (D:3)
  A jelly (D:3)
  Natasha (thrice) (D:2)
  3 gnolls (D:2)
  4 adders
  A shadow imp (D:3)
  A dart slug (D:1)
  2 orcs (D:3)
  3 ball pythons
  11 endoplasms
  A giant cockroach (D:1)
  2 goblins
  3 hobgoblins
  4 jackals (D:1)
  6 kobolds
  2 quokkas (D:1)
  2 bats (D:3)
  2 frilled lizards
  5 rats
57 creatures vanquished.

Notes
Turn   | Place    | Note
-------+----------+-------------------------------------------
     0 | D:1      | Killerpretzel the Octopode Shapeshifter began the quest for
                  | the Orb.
     0 | D:1      | Reached XP level 1. HP: 13/13 MP: 1/1
     6 | D:1      | Noticed a lindwurm
     6 | D:1      | Noticed a killer bee
     6 | D:1      | Noticed a komodo dragon
     6 | D:1      | Noticed a black bear
   117 | D:1      | Reached XP level 2. HP: 18/18 MP: 2/2
   366 | D:1      | Reached XP level 3. HP: 20/23 MP: 3/3
   884 | D:2      | Reached XP level 4. HP: 11/29 MP: 4/4
  1171 | D:2      | Found a stormy altar of Qazlal.
  1185 | D:2      | Noticed Natasha
  1189 | D:2      | Killed Natasha
  1315 | D:2      | Reached skill level 4 in Shapeshifting
  1315 | D:2      | Noticed Natasha
  1319 | D:2      | Killed Natasha
  1320 | D:2      | Reached XP level 5. HP: 16/34 MP: 5/5
  1364 | D:2      | Noticed Natasha
  1368 | D:2      | Killed Natasha
  1707 | D:3      | Found a faded altar of an unknown god.
  1840 | D:3      | Found an ancient bone altar of Kikubaaqudgha.
  1965 | D:3      | Reached XP level 6. HP: 39/41 MP: 6/6
  2039 | D:3      | Found Milaq's One-of-a-Kind Rings.
  2258 | D:3      | Killed from afar by an orc priest

Illustrated notes

Levels and vault maps discovered:
D:1:      onia_arrival_zoo_common, layout_rooms, chequers_avenue,
          nicolae_the_louvre
D:2:      layout_loops_ring, basic_altar, kennysheep_nondescript, uniq_natasha
D:3:      layout_basic, kiku_gazebo_pond_becter,
          hellmonk_ecumenical_altar_lost_god, nicolae_shop_unique_rings,
          nicolae_half_adder

Skill      XL: |  1  2  3  4  5 |
---------------+----------------+-----
Fighting       | 2 |  2.7
Shapeshifting  | 4 |  4.5
Dodging        | 3 |  3.3
Unarmed Combat | |  3.9

Action                     |  1- 3 |  4- 6 || total
---------------------------+-------+-------++-------
  Melee: Unarmed           |    57 |    59 ||   116
         Constrict         |    12 |    16 ||    28
         Tentacles         |    10 |    17 ||    27
    Use: Scroll            |     5 |     1 ||     6
         Potion            |       |     1 ||     1
   Stab: Sleeping          |     5 |     6 ||    11
 Armour: Skin              |    15 |    25 ||    40
  Dodge: Dodged            |    23 |    20 ||    43
  Block: Other             |       |     1 ||     1
